 Dungeon Crawl Stone Soup version 0.19.0-22-gd96e5fe (webtiles) character file.

127 smedtjen the Firebug (level 4, -5/51 HPs)
             Began as a Demigod Fire Elementalist on Nov 18, 2016.
             Slain by an orc
             ... wielding a +0 war axe
              (6 damage)
             ... on level 3 of the Dungeon.
             The game lasted 00:13:56 (5916 turns).

smedtjen the Firebug (Demigod Fire Elementalist)    Turns: 5916, Time: 00:13:56

Health: -5/51      AC:  2    Str: 16    XL:     4   Next: 56%
Magic:  1/10       EV: 13    Int: 21    God:
Gold:   143        SH:  0    Dex: 16    Spells: 2 memorised, 5 levels left

rFire  . . .     SeeInvis .     j - +0 spear
rCold  . . .     Gourm    .     a - +0 robe
rNeg   . . .     Faith    .     (no shield)
rPois  .         Spirit   .     (no helmet)
rElec  .         Reflect  .     (no cloak)
rCorr  .         Harm     .     (no gloves)
MR     .....                    (no boots)
Stlth  ..........               (no amulet)
                                (no ring)
                                (no ring)

@: berserking, very slightly contaminated, very quick
A: high mp 1
a: no special abilities


You were on level 3 of the Dungeon.
You were not hungry.

You visited 1 branch of the dungeon, and saw 3 of its levels.

You collected 143 gold pieces.

Inventory:

Hand Weapons
 d - a +0 dagger
 j - a +0 spear (weapon)
 m - a +3 dagger
 q - a +0 hand axe
 r - a +3 mace of draining
Missiles
 k - 62 arrows
 l - 19 bolts
 t - 27 stones (quivered)
Armour
 a - a +0 robe (worn)
Scrolls
 f - a scroll of recharging
 h - 5 scrolls of identify
 s - a scroll of remove curse
Potions
 c - a potion of brilliance {unknown}
 e - a potion of berserk rage
 g - a potion of lignification {unknown}
 i - a potion of magic {unknown}
 n - a potion of curing {unknown}
 o - a potion of degeneration {unknown}
Books
 b - a book of Flames

   Spells                             Type                      Level
   a - Flame Tongue                   Conjuration/Fire             1
   b - Throw Flame                    Conjuration/Fire             2
   c - Conjure Flame                  Conjuration/Fire             3
   d - Inner Flame                    Hexes/Fire                   3
   e - Sticky Flame                   Conjuration/Fire             4
   f - Fireball                       Conjuration/Fire             5
Comestibles
 u - a chunk of flesh


   Skills:
 + Level 0.3 Fighting
 + Level 0.1 Polearms
 + Level 2.0 Dodging
 + Level 2.2 Stealth
 + Level 2.6 Spellcasting
 + Level 1.9 Conjurations
 + Level 3.6 Fire Magic


You had 5 spell levels left.
You knew the following spells:

 Your Spells              Type           Power        Failure   Level  Hunger
a - Flame Tongue          Conj/Fire      ##...        6%          1    None
b - Throw Flame           Conj/Fire      ##....       10%         2    ##.....


Dungeon Overview and Level Annotations

Branches:
Dungeon (3/15)


Innate Abilities, Weirdness & Mutations

You have an increased reservoir of magic. (+10% MP)


Message History

As you read the scroll labeled KYNOTE POY, it crumbles to dust.
It is a scroll of identify.
f - a scroll of recharging The orc misses you.
Unknown command.
As you read the scroll labeled UNLAJA BIEFF, it crumbles to dust.
You feel blessed for a moment.
It was a scroll of remove curse.
The orc barely misses you.
Unknown command.
As you read the scroll labeled POBREPTUKAO, it crumbles to dust.
The creatures around you are filled with an inner flame!
It was a scroll of immolation.
The orc hits you with a war axe!
* * * LOW HITPOINT WARNING * * *
The orc completely misses you.
Unknown command.
It was a potion of berserk rage.
A red film seems to cover your vision as you go berserk!
You feel yourself moving faster!
You feel mighty! The orc barely misses you. The orc hits you with a war axe.
You die...

....
#....#######...
#.....#....#
#...
#.....#....#
#...
#.)...#...##
#...
#.......÷..#
#...
#..........#
#... #.........#
#... #.........#
#... #.o@......#
####
######)o)......#
...............#
...............#
...............#
...†...........#
........((.....#
..?.....(......#
...............#


You could see 2 orcs.

Vanquished Creatures
  3 adders (D:2)
  An ooze (D:1)
  2 worms (D:2)
  3 dart slugs
  2 leopard geckos
  3 orcs (D:3)
  2 ball pythons (D:2)
  10 bats
  4 giant cockroaches
  7 goblins
  8 hobgoblins
  11 jackals
  2 kobolds (D:1)
  A quokka (D:2)
  4 frilled lizards
  9 rats
72 creatures vanquished.

Notes
Turn   | Place    | Note
-------+----------+-------------------------------------------
     0 | D:1      | smedtjen the Demigod Fire Elementalist began the quest for the Orb.
     0 | D:1      | Reached XP level 1. HP: 14/14 MP: 5/5
   200 | D:1      | Reached skill level 3 in Fire Magic
   466 | D:1      | Reached XP level 2. HP: 5/20 MP: 0/7
  1068 | D:1      | Learned a level 2 spell: Throw Flame
  1586 | D:1      | Reached XP level 3. HP: 26/26 MP: 5/8
  2125 | D:1      | Reached skill level 1 in Conjurations
  3891 | D:2      | Reached XP level 4. HP: 33/33 MP: 3/10
  5382 | D:3      | Found a snail-covered altar of Cheibriados.
  5915 | D:3      | HP: 1/34 [orc/war axe (8)]
  5916 | D:3      | Slain by an orc

Skill      XL: |  1  2  3 |
---------------+----------+-----
Fire Magic     | 3 |  3.6
Stealth        | 2 |  2.2
Spellcasting   | 2 |  2.6
Dodging        | 2 |  2.0
Conjurations   | 1 |  1.9
Fighting       | |  0.3
Polearms       | |  0.1

Action                   |  1- 3 |  4- 6 || total
-------------------------+-------+-------++-------
Melee: Dagger            |     5 |       ||     5
       Spear             |     8 |     5 ||    13
 Cast: Flame Tongue      |    62 |    26 ||    88
       Throw Flame       |    29 |    20 ||    49
  Use: Scroll            |       |     3 ||     3
       Potion            |       |     1 ||     1
  Eat: Chunk             |     6 |     1 ||     7
       Bread ration      |     1 |     1 ||     2
       Beef jerky        |     1 |       ||     1
       Meat ration       |       |     1 ||     1
Armor: Robe              |    10 |     4 ||    14
Dodge: Dodged            |    35 |    22 ||    57
